 Dungeon Crawl Stone Soup version 0.21-a0-496-g696f58f (webtiles) character file.

79 vineage the Cudgeler (level 4, -4/28 HPs)
             Began as a Gargoyle Fighter on Nov 23, 2017.
             Slain by Crazy Yiuf
             ... wielding a +3 quarterstaff of chaos
              (12 damage)
             ... on level 2 of the Dungeon.
             The game lasted 00:02:13 (2028 turns).

vineage the Cudgeler (Gargoyle Fighter)             Turns: 2028, Time: 00:02:13

Health: -4/28      AC: 10    Str: 25    XL:     4   Next: 38%
Magic:  4/4        EV:  7    Int:  9    God:
Gold:   99         SH:  9    Dex:  9    Spells: 3/3 levels left

rFire    . . .     SeeInvis .   a - +0 flail
rCold    . . .     Gourm    .   c - +0 shield
rNeg     + . .     Faith    .   b - +0 scale mail
rPois    ∞         Spirit   .   (no helmet)
rElec    +         Reflect  .   (no cloak)
rCorr    .         Harm     .   (no gloves)
MR       .....                  (no boots)
Stlth    ..........             (no amulet)
HPRegen  0.09/turn              (no ring)
MPRegen  0.09/turn              (no ring)

@: mighty
A: negative energy resistance 1, electricity resistance, unbreathing,
petrification resistance, rot immunity, AC +3
a: no special abilities


You were on level 2 of the Dungeon.
You were hungry.

You visited 1 branch of the dungeon, and saw 2 of its levels.

You collected 99 gold pieces.

Inventory:

Hand Weapons
 a - a +0 flail (weapon)
Armour
 b - a +0 scale mail (worn)
 c - a +0 shield (worn)
Jewellery
 o - an uncursed ring of fire {unknown}
Scrolls
 e - 2 scrolls of amnesia {unknown}
 i - a scroll of teleportation {unknown}
 n - a scroll of magic mapping {unknown}
 q - a scroll of remove curse {unknown}
 r - a scroll of fog {unknown}
Potions
 d - 2 potions of might
 h - a potion of degeneration {unknown}
 j - a potion of brilliance {unknown}
 k - a potion of invisibility {unknown}
 l - a potion of haste {unknown}
 m - a potion of curing
 p - a potion of flight {unknown}
Comestibles
 f - 3 bread rations
 g - 4 fruits
 s - 2 meat rations


   Skills:
 - Level 3.2 Fighting
 + Level 4.5 Maces & Flails
 - Level 3.2 Armour
 - Level 3.2 Shields


You had 3 spell levels left.
You didn't know any spells.

Dungeon Overview and Level Annotations

Branches:
Dungeon (2/15)

Altars:
Ashenzari

Annotations:
D:2 Crazy Yiuf


Innate Abilities, Weirdness & Mutations

You are resistant to torment.
Your stone body is resilient. (AC +3)
You are immune to poison.
You resist negative energy. (rN+)
You are resistant to electric shocks. (rElec)
You can survive without breathing.
You are immune to petrification.
You are immune to rotting.


Message History

You are too injured to fight recklessly!
You are too injured to fight recklessly!
You are too injured to fight recklessly!
You are too injured to fight recklessly!
You are too injured to fight recklessly!
You are too injured to fight recklessly!
You are too injured to fight recklessly!
You are too injured to fight recklessly!
You are too injured to fight recklessly!
You are too injured to fight recklessly!
You closely miss Crazy Yiuf. You block Crazy Yiuf's attack.
Crazy Yiuf hits you with a quarterstaff of chaos!
* * * LOW HITPOINT WARNING * * *
Crazy Yiuf freezes you.
* * * LOW HITPOINT WARNING * * *
It was a potion of curing.
You feel better. You block Crazy Yiuf's attack.
You feel very mighty all of a sudden.
You closely miss Crazy Yiuf.
Crazy Yiuf hits you with a quarterstaff of chaos!
You die...

#....#
#...##
#######
##.##
#.....# #.##
#####.# ##.#
#.# #.# #.##
#.# #.####
##.# #.#
#....# ##'##
#.# ####.#
#.@.#
#.######>###
#.g.#
#...........
#..)#
########....
##### #####


You could see Crazy Yiuf.

Vanquished Creatures
  2 adders (D:2)
  An ooze (D:2)
  2 worms (D:2)
  3 dart slugs (D:1)
  2 leopard geckos (D:1)
  A ball python (D:2)
  2 giant cockroaches
  5 goblins
  2 hobgoblins (D:1)
  4 jackals (D:1)
  6 bats
  4 frilled lizards (D:1)
  5 kobolds
  5 rats
44 creatures vanquished.

Notes
Turn   | Place    | Note
-------+----------+-------------------------------------------
     0 | D:1      | vineage the Gargoyle Fighter began the quest for the Orb.
     0 | D:1      | Reached XP level 1. HP: 14/14 MP: 1/1
   169 | D:1      | Reached XP level 2. HP: 16/19 MP: 2/2
   212 | D:1      | Reached skill level 3 in Maces & Flails
   431 | D:1      | Reached XP level 3. HP: 11/23 MP: 3/3
  1196 | D:2      | Reached skill level 4 in Maces & Flails
  1218 | D:2      | Reached XP level 4. HP: 28/28 MP: 4/4
  1367 | D:2      | Found a runed door.
  1526 | D:2      | Found a shattered altar of Ashenzari.
  1662 | D:2      | Found a faded altar of an unknown god.
  2021 | D:2      | Noticed Crazy Yiuf
  2028 | D:2      | Slain by Crazy Yiuf

Vault maps used:
D:1:      dpeg_arrival_rooms_with_view
D:2:      evilmike_ruin_ashenzari, chequers_ecumenical_altar_grove,
          uniq_crazy_yiuf_cottage

Skill      XL: |  1  2  3 |
---------------+----------+-----
Maces & Flails | 3 4 |  4.5
Fighting       | |  3.2
Armour         | |  3.2
Shields        | |  3.2

Action                   |  1- 3 |  4- 6 || total
-------------------------+-------+-------++-------
Melee: Flail             |   138 |    61 ||   199
  Use: Potion            |       |     2 ||     2
  Eat: Chunk             |     1 |     2 ||     3
Armor: Scale mail        |    95 |    22 ||   117
Dodge: Dodged            |    54 |    22 ||    76
Block: Shield            |    82 |    35 ||   117

Table legend:
 A = Spawn XP
 B = Non-spawn XP
 C = Spawn XP percentage of total XP
 D = Spawn monster count
 E = Non-spawn monster count
 F = Spawn count percentage of total count
 G = Total turns spent on level
                    A         B        C        D         E        F      G
               +---------+---------+-------+---------+---------+-------+---------
         Total |       0 |     114 |   0.0 |       0 |      44 |   0.0 |  2028
               +---------+---------+-------+---------+---------+-------+---------
           D:1 |       0 |      52 |   0.0 |       0 |      27 |   0.0 |  1131
           D:2 |       0 |      62 |   0.0 |       0 |      17 |   0.0 |   897
               +---------+---------+-------+---------+---------+-------+---------
